 Dungeon Crawl Stone Soup version 0.28-a0-662-g1651b1f1e0 (webtiles) character file.

Game seed: 8935501957638787452

1 cheechan the Ducker (level 1, 0/14 HPs)
             Began as an Octopode Gladiator on Oct 14, 2021.
             Slain by a quokka (4 damage)
             ... on level 1 of the Dungeon.
             The game lasted 00:00:07 (27 turns).

cheechan the Ducker (Octopode Gladiator)              Turns: 27, Time: 00:00:07

Health: 0/14       AC:  1    Str: 13    XL:     1   Next: 20%
Magic:  1/1        EV: 13    Int: 10    God:
Gold:   0          SH:  0    Dex: 13    Spells: 0/0 levels left

rFire   . . .      SeeInvis .   a - +0 flail
rCold   . . .      Faith    .   (no shield)
rNeg    . . .      Spirit   .   b - +0 hat
rPois   .          Reflect  .   (no amulet)
rElec   .          Harm     .   (no ring)
rCorr   .          Rampage  .   (no ring)
Will    .....                   (no ring)
Stlth   ++........              (no ring)
HPRegen 0.04/turn               (no ring)
MPRegen 0.07/turn               (no ring)
                                (no ring)
                                (no ring)

@: no status effects
A: almost no armour, amphibious, 8 rings, camouflage 1, gelatinous body 1,
(nimble swimmer 1), tentacles
a: no special abilities


You were on level 1 of the Dungeon.
You visited 1 branch of the dungeon, and saw 1 of its levels.

Inventory:

Hand Weapons
 a - a +0 flail (weapon)
Missiles
 c - 3 throwing nets (quivered)
 d - 15 stones
Armour
 b - a +0 hat (worn)


   Skills:
 + Level 2.0 Fighting
 + Level 3.0 Maces & Flails
 + Level 2.0 Throwing
 + Level 3.0 Dodging


You couldn't memorise any spells.
You didn't know any spells.
Your spell library was empty.

Dungeon Overview and Level Annotations

Branches:
Dungeon (1/15)

Altars:


Innate Abilities, Weirdness & Mutations

You cannot wear most types of armour.
You are amphibious.
You can wear up to eight rings at the same time.
Your skin changes colour to match your surroundings (Stealth+).
Your rubbery body absorbs attacks. (AC +1, EV +1)
((You are camouflaged near water. (Stealth+)))
You have tentacles for arms and can constrict up to eight enemies at once.


Message History

Welcome, cheechan the Octopode Gladiator.
Everyone else who sought the Orb of Zot has failed.
Will you be different?
Press ? for a list of commands and other information.
Found 15 stones.
Found a staircase leading out of the dungeon.
A hobgoblin comes into view.
Found a stone staircase leading down.
The hobgoblin shouts!
You see here 15 stones.
d - 15 stones You hit the hobgoblin.
Your grab misses the hobgoblin. Your squeeze misses the hobgoblin.
The hobgoblin is lightly wounded.
The hobgoblin closely misses you.
You sock the hobgoblin!
You kill the hobgoblin!
You see here a hobgoblin corpse.
Found a ring mail.
You see here a hobgoblin corpse.
A quokka comes into view.
The quokka bites you.
A gnoll comes into view. It is wielding a +0 club.
The quokka bites you.
A ball python comes into view.
The quokka closely misses you.
You closely miss the quokka. You grab the quokka. You constrict the quokka.
The quokka bites you.
* * * LOW HITPOINT WARNING * * *
The quokka closely misses you.
You barely miss the quokka.
The quokka is lightly wounded.
You constrict the quokka. The quokka bites you.
You die...

...#.....#....#.####
...#.....#....#....#
...#.....#.........#
#..#.....#.........#
#..................#
#.#######.###....# #
##....##....#
###...........######.
........†####r@.......
###......#.g.....#####
#......#.......#
#......#.......#
#......#.......#
#.....##....####
#..... ####.# #.....
#S ....[#


You could see a gnoll (asleep), a quokka and a ball python (asleep).

Vanquished Creatures
  A hobgoblin (D:1)
1 creature vanquished.

Notes
Turn   | Place    | Note
-------+----------+-------------------------------------------
     0 | D:1      | cheechan the Octopode Gladiator began the quest for the
                  | Orb.
     0 | D:1      | Reached XP level 1. HP: 14/14 MP: 1/1
    27 | D:1      | Slain by a quokka

Illustrated notes

Levels and vault maps discovered:
D:1:      minmay_arrival_semitransparent, layout_basic,
          ebering_ecumenical_altar_mist, minmay_split_cup_small

Action                   || total
-------------------------++-------
Melee: Flail             ||     4
       Constrict         ||     1
Dodge: Dodged            ||     3

Table legend: (Time is in decaauts)
 A = Elapsed time spent in this place.
 B = Non-inter-level travel time spent in this place.
 C = Inter-level travel time spent in this place.
 D = Time resting spent in this place.
 E = Time spent auto-exploring this place.
 F = Levels seen in this place.
 G = Mean time per level.
                   A        B        C        D        E       F      G
               +--------+--------+--------+--------+--------+-----+--------+
         Total |     27 |     27 |      0 |      0 |      0 |   1 |   27.0 |
       Dungeon |     27 |     27 |      0 |      0 |      0 |   1 |   27.0 |
               +--------+--------+--------+--------+--------+-----+--------+

Top non-repeatable levels by time:
     D:1: 27 daAuts
